 Dungeon Crawl Stone Soup version 0.28-a0-697-g47f3eba078 (webtiles) character file.

Game seed: 16132382327880475144

87 a11behringer the Shield-Bearer (level 4, -1/35 HPs)
             Began as a Formicid Fighter on Oct 24, 2021.
             Slain by Eustachio (6 damage)
             ... on level 4 of the Dungeon.
             The game lasted 00:08:00 (1903 turns).

a11behringer the Shield-Bearer (Formicid Fighter)   Turns: 1903, Time: 00:08:03

Health: -1/35      AC:  9    Str: 21      XL:     4   Next: 80%
Magic:  4/4        EV:  9    Int:  8      God:
Gold:   58         SH:  4    Dex:  9 (10) Spells: 3/3 levels left

rFire   . . .      SeeInvis +   a - +1 flail
rCold   . . .      Faith    .   c - +0 buckler
rNeg    . . .      Spirit   .   b - +0 scale mail
rPois   .          Reflect  .   (helmet unavailable)
rElec   .          Harm     .   (no cloak)
rCorr   .          Rampage  .   (no gloves)
Will    .....                   l - +1 pair of boots
Stlth   ..........              (no amulet)
HPRegen 0.11/turn               (no ring)
MPRegen 0.09/turn               (no ring)

@: mighty
A: permanent stasis, dig shafts and tunnels, antennae 3, four strong arms
a: Dig, Shaft Self


You were on level 4 of the Dungeon.
You visited 1 branch of the dungeon, and saw 3 of its levels.

You collected 58 gold pieces.

Inventory:

Hand Weapons
 a - a +1 flail (weapon)
 f - a +0 hunting sling
Armour
 b - a +0 scale mail (worn)
 c - a +0 buckler (worn)
 l - a +1 pair of boots (worn)
Scrolls
 g - a scroll of teleportation {unknown}
 i - a scroll of magic mapping {unknown}
 j - a scroll of amnesia {unknown}
Potions
 e - a potion of invisibility {unknown}
 m - a potion of ambrosia {unknown}


   Skills:
 + Level 3.5 Fighting
 * Level 3.5 Maces & Flails
 + Level 3.9 Armour
 + Level 0.1 Dodging
 + Level 4.1 Shields


You had 3 spell levels left.
You didn't know any spells.
Your spell library was empty.

Dungeon Overview and Level Annotations

Branches:
Dungeon (2/15)

Altars:
Ashenzari

Shops:
D:2 =:

Annotations:
D:4 Eustachio


Innate Abilities, Weirdness & Mutations

You cannot be hasted, slowed, berserked, paralysed or teleported.
You can dig through walls and to a lower floor.
You have a pair of large antennae on your head. (SInv)
Your four strong arms can wield two-handed weapons with a shield.


Message History

The ufetubus hits you. x2
* * * LOW HITPOINT WARNING * * *
Eustachio hits you with a +0 rapier.
* * * LOW HITPOINT WARNING * * *
You miss Eustachio.
Eustachio is lightly wounded.
The quasit disappears in a puff of smoke!
The ufetubus hits you but does no damage.
The ufetubus barely misses you. The white imp barely misses you.
The ufetubus hits you but does no damage. x2
Eustachio gestures wildly while chanting.
Eustachio blinks!
The white imp barely misses you.
You feel better.
The ufetubus hits you but does no damage.
The ufetubus closely misses you. The river rat closely misses you.
Eustachio gestures wildly while chanting.
The white imp grins evilly.
The white imp gestures at you.
The puff of frost hits you but does no damage.
The ufetubus hits you but does no damage.
The ufetubus closely misses you. You block the river rat's attack.
The ufetubus closely misses you.
The ufetubus hits you but does no damage.
The bat closely misses you. x2; The ufetubus closely misses you.
The ufetubus hits you but does no damage.
The river rat barely misses you. The white imp gestures at you.
The puff of frost hits you.
* * * LOW HITPOINT WARNING * * *
The bat hits you but does no damage. You block the bat's attack.
The ufetubus closely misses you. The ufetubus barely misses you.
The bat hits you but does no damage.
You barely miss Eustachio.
Eustachio is lightly wounded.
You block the bat's attack. x2
The ufetubus hits you but does no damage. x2
The river rat barely misses you.
Eustachio brags, "I can call spirits from the vasty deep."
Eustachio hits you with a +0 rapier.
You die...

#### .......
....######.≈≈≈≈§≈
#.....(..≈.....
#.....$..§.####
#........≈.....
##......§§§#._.
####..5...§≈§# ≈
#...r5b....§§#####.≈
#....@.....≈.§..§..≈
#...r@.....§≈§≈§§≈≈≈
#...................
#...b.........##.##
#................#
#............#####
#............#
#####............#
.................#


You could see Eustachio, a river rat (summoned), a white imp (summoned), an
ufetubus (summoned), 2 bats and a rat (summoned).

Vanquished Creatures
  Robin (D:2)
  2 adders (D:2)
  A worm (D:2)
  2 dart slugs (D:1)
  6 ball pythons
  2 endoplasms (D:1)
  2 giant cockroaches (D:1)
  15 goblins
  5 hobgoblins
  A quokka (D:1)
  6 bats
  3 kobolds (D:1)
  2 rats (D:1)
48 creatures vanquished.

Notes
Turn   | Place    | Note
-------+----------+-------------------------------------------
     0 | D:1      | a11behringer the Formicid Fighter began the quest for the
                  | Orb.
     0 | D:1      | Reached XP level 1. HP: 18/18 MP: 1/1
    86 | D:1      | Reached XP level 2. HP: 24/24 MP: 2/2
   329 | D:1      | Found a faded altar of an unknown god.
   609 | D:1      | Reached XP level 3. HP: 29/29 MP: 3/3
   987 | D:2      | Found Ifich's Jewellery Boutique.
  1034 | D:2      | Reached skill level 4 in Shields
  1503 | D:2      | Reached XP level 4. HP: 35/35 MP: 4/4
  1536 | D:2      | Found Lyufuej's Book Boutique.
  1634 | D:2      | Noticed Robin
  1648 | D:2      | Killed Robin
  1829 | D:2      | You fall into a shaft and drop 2 floors!
  1880 | D:4      | Noticed Eustachio
  1890 | D:4      | Found a broken altar of Ashenzari.
  1903 | D:4      | Slain by Eustachio

Illustrated notes

Levels and vault maps discovered:
D:1:      shiori_arrival_maze, layout_loops_cross,
          hellmonk_ecumenical_altar_inner_sanctum
D:2:      layout_loops_corners, serial_shops, shop, nicolae_lakefront_shop,
          nicolae_shop_window_shopping, uniq_robin
D:4:      layout_basic, lemuel_crystal_altar,
          mainiacjoe_overflow_surrounded_room, demons_altar,
          mainiacjoe_overflow_brackets, kennysheep_nub, uniq_eustachio

Skill      XL: |  1  2  3 |
---------------+----------+-----
Shields        | 4 |  4.1
Maces & Flails | 3 |  3.5
Fighting       | |  3.5
Armour         | |  3.9
Dodging        | |  0.1

Action                   |  1- 3 |  4- 6 || total
-------------------------+-------+-------++-------
Melee: Flail             |   113 |    65 ||   178
 Abil: Dig               |       |     1 ||     1
  Use: Scroll            |     4 |     2 ||     6
       Potion            |       |     3 ||     3
Armor: Scale mail        |    62 |    68 ||   130
Dodge: Dodged            |    53 |    62 ||   115
Block: Buckler           |    29 |    28 ||    57

Table legend: (Time is in decaauts)
 A = Elapsed time spent in this place.
 B = Non-inter-level travel time spent in this place.
 C = Inter-level travel time spent in this place.
 D = Time resting spent in this place.
 E = Time spent auto-exploring this place.
 F = Levels seen in this place.
 G = Mean time per level.
                   A        B        C        D        E       F      G
               +--------+--------+--------+--------+--------+-----+--------+
         Total |   1948 |   1749 |    199 |      0 |   1342 |   3 |  649.3 |
       Dungeon |   1948 |   1749 |    199 |      0 |   1342 |   3 |  649.3 |
               +--------+--------+--------+--------+--------+-----+--------+

Top non-repeatable levels by time:
     D:1: 993 daAuts
     D:2: 879 daAuts
     D:4: 74 daAuts
